| TOP OF THE 1ST |
|
London Majors batting - Pitching for Chester Pirates : RHP Sung-jae Choo
|
|
Pitching: RHP Sung-jae Choo
|
|
|
Batting: RHB Pete Duncan
|
0-0: SINGLE (Line Drive, 4D, EV 98.8 MPH)
|
|
Batting: RHB Jorge Cruz
|
0-0: Ball Pete Duncan steals 2nd base (no throw) 1-0: Ball 2-0: Fly out, F8 (Flyball, 78M, EV 80.0 MPH)
|
|
Batting: RHB John Rios
|
0-0: Called Strike 0-1: Foul Ball, location: 2F 0-2: Ball 1-2: Foul Ball, location: 2F 1-2: Fly out, F4 (Popup, 3D, EV 50.0 MPH)
|
|
Batting: RHB Luis Gomez
|
0-0: Foul Ball, location: 2F 0-1: Foul Ball, location: 2F 0-2: Ball 1-2: Ball Wild Pitch! Pete Duncan to third 2-2: Foul Ball, location: 2F 2-2: Ball 3-2: Ground out 6-3 (Groundball, 6, EV 108.8 MPH)
|
| Top of the 1st over - 0 runs, 1 hit, 0 errors, 1 left on base; London 0 - Chester 0 |
| BOTTOM OF THE 1ST |
|
Chester Pirates batting - Pitching for London Majors : RHP Shalom Diender
|
|
Pitching: RHP Shalom Diender
|
|
|
Batting: RHB Rusty Trader
|
0-0: Ball 1-0: SINGLE (Groundball, 56S, EV 63.1 MPH) (infield hit)
|
|
Batting: LHB Chad Cutler
|
0-0: Ball 1-0: Swinging Strike 1-1: Ball 2-1: Ball 3-1: Foul Ball, location: 2F 3-2: Fly out, F2 (Popup, 23F, EV 88.8 MPH)
|
|
Batting: RHB Steve Terres
|
0-0: Foul Ball, location: 2F 0-1: Ball 1-1: Ball 2-1: Grounds into double play, 1-4-3 (Groundball, 15S, EV 75.0 MPH)
|
| Bottom of the 1st over - 0 runs, 1 hit, 0 errors, 0 left on base; London 0 - Chester 0 |
| TOP OF THE 2ND |
|
London Majors batting - Pitching for Chester Pirates : RHP Sung-jae Choo
|
|
Batting: RHB Luis Vargas
|
0-0: Ground out 5-3 (Groundball, 56, EV 90.6 MPH)
|
|
Batting: RHB Rudolph Lentz
|
0-0: Ball 1-0: Called Strike 1-1: SINGLE (Groundball, 56S, EV 68.8 MPH) (infield hit)
|
|
Batting: RHB Mike Chamberlain
|
0-0: Called Strike 0-1: Ball 1-1: Ball 2-1: Ball 3-1: Swinging Strike 3-2: Base on Balls Rudolph Lentz to second
|
|
Batting: RHB Mikey Sano
|
0-0: Ball 1-0: Called Strike 1-1: Grounds into double play, 3-6-1 (Groundball, 3, EV 85.6 MPH)
|
| Top of the 2nd over - 0 runs, 1 hit, 0 errors, 1 left on base; London 0 - Chester 0 |
| BOTTOM OF THE 2ND |
|
Chester Pirates batting - Pitching for London Majors : RHP Shalom Diender
|
|
Batting: RHB Jon Solis
|
0-0: Called Strike 0-1: Ball 1-1: DOUBLE (Groundball, 3L, EV 103.8 MPH)
|
|
Batting: RHB Hector Barajas
|
0-0: Ball 1-0: Ball 2-0: Ball 3-0: Base on Balls
|
|
Batting: LHB Damien Cohen
|
0-0: Ball 1-0: Called Strike 1-1: Swinging Strike 1-2: Strikes out looking
|
|
Batting: RHB Rafael Galicia
|
0-0: Ball 1-0: Called Strike 1-1: Swinging Strike 1-2: Strikes out swinging
|
|
Batting: RHB Matt Derrien
|
0-0: Ball 1-0: Called Strike 1-1: Foul Ball, location: 2F 1-2: Strikes out swinging
|
| Bottom of the 2nd over - 0 runs, 1 hit, 0 errors, 2 left on base; London 0 - Chester 0 |
| TOP OF THE 3RD |
|
London Majors batting - Pitching for Chester Pirates : RHP Sung-jae Choo
|
|
Batting: RHB Lao-che Zhu
|
0-0: Reached on error, E6 (Groundball, 6, EV 88.1 MPH)
|
|
Batting: RHB Pete Duncan
|
0-0: Ball 1-0: Ball 2-0: Called Strike 2-1: Ball 3-1: Ground out 5-3 (Groundball, 56, EV 86.2 MPH)
|
|
Batting: RHB Jorge Cruz
|
0-0: Ball 1-0: Called Strike 1-1: Foul Ball, location: 2F 1-2: Foul Ball, location: 2F 1-2: Strikes out swinging
|
|
Batting: RHB John Rios
|
0-0: Ball 1-0: Ball 2-0: Called Strike 2-1: SINGLE (Groundball, 6, EV 98.1 MPH) Lao-che Zhu to third Runner from 3rd tries for Home, SAFE, throw by CF to home
|
|
Batting: RHB Luis Gomez
|
0-0: Ball 1-0: Ball 2-0: Ball 3-0: Called Strike 3-1: Foul Ball, location: 2F 3-2: SINGLE (Groundball, 4MD, EV 103.8 MPH) John Rios to second John Rios to third
|
|
Batting: RHB Luis Vargas
|
0-0: Ball Wild Pitch! John Rios scores Luis Gomez to second 1-0: Ball 2-0: Foul Ball, location: 2F 2-1: SINGLE (Flyball, 34D, EV 84.4 MPH) Luis Gomez to third Runner from 3rd tries for Home, SAFE, throw by RF to home
|
|
Batting: RHB Rudolph Lentz
|
0-0: Called Strike 0-1: SINGLE (Line Drive, 4MD, EV 101.9 MPH) Luis Vargas to second Runner from 2nd tries for 3rd, SAFE, no throw by CF
|
|
Batting: RHB Mike Chamberlain
|
0-0: SINGLE (Groundball, 34D, EV 108.8 MPH) Luis Vargas scores Rudolph Lentz to second Runner from 2nd tries for 3rd, SAFE, throw by RF made to third
|
|
Batting: RHB Mikey Sano
|
0-0: Called Strike 0-1: Ball 1-1: Called Strike 1-2: Ball 2-2: Ball 3-2: Strikes out swinging
|
| Top of the 3rd over - 4 runs, 5 hits, 1 error, 2 left on base; London 4 - Chester 0 |
| BOTTOM OF THE 3RD |
|
Chester Pirates batting - Pitching for London Majors : RHP Shalom Diender
|
|
Batting: LHB Kazuyoshi Ikeda
|
0-0: Called Strike 0-1: Ball 1-1: Called Strike 1-2: Strikes out swinging
|
|
Batting: RHB Rusty Trader
|
0-0: Called Strike 0-1: Foul Ball, location: 2F 0-2: Foul Ball, location: 2F 0-2: Ball 1-2: Strikes out swinging, 2-3 out at first.
|
|
Batting: LHB Chad Cutler
|
0-0: Called Strike 0-1: Ground out 5-3 (Groundball, 56, EV 90.6 MPH)
|
| Bottom of the 3rd over - 0 runs, 0 hits, 0 errors, 0 left on base; London 4 - Chester 0 |
| TOP OF THE 4TH |
|
London Majors batting - Pitching for Chester Pirates : RHP Sung-jae Choo
|
|
Batting: RHB Lao-che Zhu
|
0-0: Ball 1-0: Ground out 5-3 (Groundball, 5, EV 87.5 MPH)
|
|
Batting: RHB Pete Duncan
|
0-0: Ball 1-0: Ball 2-0: Ball 3-0: Called Strike 3-1: Base on Balls
|
|
Batting: RHB Jorge Cruz
|
0-0: Ball 1-0: Called Strike 1-1: Called Strike 1-2: Foul Ball, location: 2F 1-2: 2-RUN HOME RUN (Line Drive, 7D, EV 101.9 MPH), Distance : 395 ft
|
|
Batting: RHB John Rios
|
0-0: Called Strike 0-1: Ball 1-1: Foul Ball, location: 2F 1-2: Fly out, F9 (Line Drive, 9, EV 105.6 MPH)
|
|
Batting: RHB Luis Gomez
|
0-0: Called Strike 0-1: SOLO HOME RUN (Line Drive, 7LD, EV 98.8 MPH), Distance : 357 ft
|
|
Batting: RHB Luis Vargas
|
0-0: Ball 1-0: Called Strike 1-1: Swinging Strike 1-2: Fly out, F9 (Flyball, 9, EV 94.4 MPH)
|
| Top of the 4th over - 3 runs, 2 hits, 0 errors, 0 left on base; London 7 - Chester 0 |
| BOTTOM OF THE 4TH |
|
Chester Pirates batting - Pitching for London Majors : RHP Shalom Diender
|
|
Batting: RHB Steve Terres
|
0-0: Called Strike 0-1: Fly out, F9 (Flyball, 9S, EV 73.1 MPH)
|
|
Batting: RHB Jon Solis
|
0-0: Ball 1-0: Ball 2-0: Foul Ball, location: 2F 2-1: Foul Ball, location: 2F 2-2: Strikes out swinging
|
|
Batting: RHB Hector Barajas
|
0-0: Called Strike 0-1: Swinging Strike 0-2: Strikes out swinging
|
| Bottom of the 4th over - 0 runs, 0 hits, 0 errors, 0 left on base; London 7 - Chester 0 |
| TOP OF THE 5TH |
|
London Majors batting - Pitching for Chester Pirates : RHP Sung-jae Choo
|
|
Batting: RHB Rudolph Lentz
|
0-0: Fly out, F8 (Flyball, 8LM, EV 91.2 MPH)
|
|
Batting: RHB Mike Chamberlain
|
0-0: Ball 1-0: Swinging Strike 1-1: Called Strike 1-2: Foul Ball, location: 2F 1-2: Ball 2-2: Ball 3-2: Ground out 6-3 (Groundball, 6, EV 83.8 MPH)
|
|
Batting: RHB Mikey Sano
|
0-0: Ball 1-0: SINGLE (Groundball, 34D, EV 102.5 MPH)
|
|
Batting: RHB Lao-che Zhu
|
0-0: Ball 1-0: Foul Ball, location: 2F 1-1: Swinging Strike 1-2: Strikes out looking
|
| Top of the 5th over - 0 runs, 1 hit, 0 errors, 1 left on base; London 7 - Chester 0 |
| BOTTOM OF THE 5TH |
|
Chester Pirates batting - Pitching for London Majors : RHP Shalom Diender
|
|
Batting: LHB Damien Cohen
|
0-0: Ball 1-0: Called Strike 1-1: Fly out, F8 (Flyball, 8LD, EV 92.5 MPH)
|
|
Batting: RHB Rafael Galicia
|
0-0: Ball 1-0: Foul Ball, location: 2F 1-1: Called Strike 1-2: Foul Ball, location: 2F 1-2: Ball 2-2: Strikes out swinging
|
|
Batting: RHB Matt Derrien
|
0-0: Called Strike 0-1: Ball 1-1: Fly out, F9 (Flyball, 89D, EV 75.6 MPH)
|
| Bottom of the 5th over - 0 runs, 0 hits, 0 errors, 0 left on base; London 7 - Chester 0 |
| TOP OF THE 6TH |
|
London Majors batting - Pitching for Chester Pirates : RHP Sung-jae Choo
|
|
Batting: RHB Pete Duncan
|
0-0: Ball 1-0: Ball 2-0: Ball 3-0: Called Strike 3-1: Called Strike 3-2: Base on Balls
|
|
Batting: RHB Jorge Cruz
|
0-0: Called Strike 0-1: Ball 1-1: Fielders Choice at 2nd, 4-6 (Groundball, 4, EV 100.6 MPH)
|
|
Pitching: LHP Juan Hernandez
|
|
|
Batting: RHB John Rios
|
0-0: Ball 1-0: Ball 2-0: Ball 3-0: Base on Balls Jorge Cruz to second
|
|
Batting: RHB Luis Gomez
|
0-0: Called Strike 0-1: Ball 1-1: Ball 2-1: Called Strike 2-2: Ball 3-2: Foul Ball, location: 2F 3-2: Foul Ball, location: 2F 3-2: Foul Ball, location: 2F 3-2: Base on Balls Jorge Cruz to third John Rios to second
|
|
Batting: RHB Luis Vargas
|
0-0: Called Strike 0-1: Ball 1-1: Swinging Strike 1-2: Foul Ball, location: 2F 1-2: Foul Ball, location: 2F 1-2: Foul Ball, location: 2F 1-2: Ball 2-2: Foul Ball, location: 2F 2-2: Strikes out looking
|
|
Pitching: LHP Angel Juarez
|
|
|
Batting: RHB Rudolph Lentz
|
0-0: DOUBLE (Line Drive, 7LS, EV 88.8 MPH) Jorge Cruz scores John Rios scores Luis Gomez to third Runner from 3rd tries for Home, throw by LF and OUT! 7-6-2
|
| Top of the 6th over - 2 runs, 1 hit, 0 errors, 1 left on base; London 9 - Chester 0 |
| BOTTOM OF THE 6TH |
|
Chester Pirates batting - Pitching for London Majors : RHP Shalom Diender
|
|
Batting: LHB Kazuyoshi Ikeda
|
0-0: Ground out 6-3 (Groundball, 6, EV 86.2 MPH)
|
|
Batting: RHB Rusty Trader
|
0-0: Called Strike 0-1: Called Strike 0-2: Ball 1-2: Strikes out swinging
|
|
Batting: LHB Chad Cutler
|
0-0: Called Strike 0-1: Swinging Strike 0-2: Foul Ball, location: 2F 0-2: Strikes out swinging
|
| Bottom of the 6th over - 0 runs, 0 hits, 0 errors, 0 left on base; London 9 - Chester 0 |
| TOP OF THE 7TH |
|
London Majors batting - Pitching for Chester Pirates : LHP Angel Juarez
|
|
Pinch Hitting: RHB Bruce Ayotte
|
0-0: Called Strike 0-1: Foul Ball, location: 2F 0-2: SINGLE (Line Drive, 8LS, EV 91.2 MPH)
|
|
Batting: RHB Mikey Sano
|
0-0: SINGLE (Groundball, 4MD, EV 100.6 MPH) Bruce Ayotte to second Runner from 2nd tries for 3rd, SAFE, throw by CF made to third
|
|
Batting: RHB Lao-che Zhu
|
0-0: Called Strike 0-1: Swinging Strike 0-2: Ball 1-2: Fielders Choice at 2nd, 6-4 (Groundball, 6, EV 89.4 MPH) Bruce Ayotte scores
|
|
Pinch Hitting: RHB Chad Colyer
|
0-0: Ball 1-0: Foul Ball, location: 2F 1-1: Ball 2-1: Foul Ball, location: 2F 2-2: Ball 3-2: Foul Ball, location: 2F 3-2: SINGLE (Groundball, 34D, EV 109.4 MPH) Lao-che Zhu to second Runner from 2nd tries for 3rd, SAFE, throw by RF made to third Chad Colyer to second
|
|
Batting: RHB Jorge Cruz
|
0-0: Ball 1-0: Called Strike 1-1: Swinging Strike 1-2: Ball 2-2: Strikes out swinging
|
|
Pitching: RHP Bill Gomez
|
|
|
Batting: RHB John Rios
|
0-0: Ball 1-0: Foul Ball, location: 2F 1-1: Fly out, F5 (Line Drive, 56, EV 72.5 MPH)
|
| Top of the 7th over - 1 run, 3 hits, 0 errors, 2 left on base; London 10 - Chester 0 |
| BOTTOM OF THE 7TH |
|
Chester Pirates batting - Pitching for London Majors : RHP Shalom Diender
|
|
Now at 2B: Chad Colyer
|
|
|
Now in CF: Manny Elizondo
|
|
|
Now in RF: Luis Gomez
|
|
|
Batting: RHB Steve Terres
|
0-0: Called Strike 0-1: Ball 1-1: Foul Ball, location: 2F 1-2: Foul Ball, location: 2F 1-2: Ball 2-2: Ball 3-2: SINGLE (Groundball, 6MD, EV 101.2 MPH)
|
|
Batting: RHB Jon Solis
|
0-0: Called Strike 0-1: Foul Ball, location: 2F 0-2: Foul Ball, location: 2F 0-2: Ball 1-2: Strikes out swinging
|
|
Batting: RHB Hector Barajas
|
0-0: Ball 1-0: Foul Ball, location: 2F 1-1: Called Strike 1-2: Foul Ball, location: 2F 1-2: Strikes out swinging
|
|
Pinch Hitting: RHB Dan Kurtz
|
0-0: DOUBLE (Line Drive, 78XD, EV 101.2 MPH) Steve Terres to third
|
|
Batting: RHB Rafael Galicia
|
0-0: Called Strike 0-1: Ball 1-1: Fly out, F3 (Line Drive, 3, EV 73.1 MPH)
|
| Bottom of the 7th over - 0 runs, 2 hits, 0 errors, 2 left on base; London 10 - Chester 0 |
| TOP OF THE 8TH |
|
London Majors batting - Pitching for Chester Pirates : RHP Bill Gomez
|
|
Now at 1B: Dan Kurtz
|
|
|
Batting: RHB Luis Gomez
|
0-0: Ball 1-0: Ball 2-0: Called Strike 2-1: Foul Ball, location: 2F 2-2: Ball 3-2: Foul Ball, location: 2F 3-2: Fly out, F3 (Line Drive, 3, EV 71.9 MPH)
|
|
Batting: RHB Luis Vargas
|
0-0: SINGLE (Line Drive, 89S, EV 95.0 MPH)
|
|
Batting: RHB Rudolph Lentz
|
0-0: Called Strike 0-1: Fly out, F7 (Flyball, 78M, EV 76.9 MPH)
|
|
Batting: RHB Manny Elizondo
|
0-0: Called Strike 0-1: Ball 1-1: Fielders Choice at 2nd, 6-4 (Groundball, 6, EV 107.5 MPH)
|
| Top of the 8th over - 0 runs, 1 hit, 0 errors, 1 left on base; London 10 - Chester 0 |
| BOTTOM OF THE 8TH |
|
Chester Pirates batting - Pitching for London Majors : RHP Shalom Diender
|
|
Batting: RHB Matt Derrien
|
0-0: Called Strike 0-1: Ball 1-1: Called Strike 1-2: Ball 2-2: Ground out 5-3 (Groundball, 56, EV 103.8 MPH)
|
|
Batting: LHB Kazuyoshi Ikeda
|
0-0: Called Strike 0-1: Fly out, F5 (Popup, 56, EV 75.6 MPH)
|
|
Batting: RHB Rusty Trader
|
0-0: Ball 1-0: Ball 2-0: Foul Ball, location: 2F 2-1: Foul Ball, location: 2F 2-2: Ball 3-2: Base on Balls
|
|
Batting: LHB Chad Cutler
|
0-0: Ball 1-0: Ball 2-0: Called Strike 2-1: SINGLE (Line Drive, 7LS, EV 92.5 MPH) Rusty Trader to second
|
|
Batting: RHB Steve Terres
|
0-0: Foul Ball, location: 2F 0-1: Ball 1-1: Ball 2-1: Ball 3-1: Swinging Strike 3-2: Foul Ball, location: 2F 3-2: Foul Ball, location: 2F 3-2: Strikes out swinging
|
| Bottom of the 8th over - 0 runs, 1 hit, 0 errors, 2 left on base; London 10 - Chester 0 |
| TOP OF THE 9TH |
|
London Majors batting - Pitching for Chester Pirates : RHP Bill Gomez
|
|
Pinch Hitting: SHB Kevin Watson
|
0-0: Ball 1-0: Foul Ball, location: 2F 1-1: Ball 2-1: Foul Ball, location: 2F 2-2: Fly out, F7 (Flyball, 78M, EV 89.4 MPH)
|
|
Pitching: RHP Pei Xie
|
|
|
Pinch Hitting: RHB Mark Noftall
|
0-0: Ball 1-0: Ball 2-0: Swinging Strike 2-1: Swinging Strike 2-2: Strikes out looking
|
|
Batting: RHB Chad Colyer
|
0-0: Ball 1-0: Foul Ball, location: 2F 1-1: Foul Ball, location: 2F 1-2: Strikes out swinging
|
| Top of the 9th over - 0 runs, 0 hits, 0 errors, 0 left on base; London 10 - Chester 0 |
| BOTTOM OF THE 9TH |
|
Chester Pirates batting - Pitching for London Majors : RHP Shalom Diender
|
|
Pitching: RHP Mitsuaki Okazaki
|
|
|
Now at 1B: Terry Plumley
|
|
|
Now at 3B: Kevin Watson
|
|
|
Batting: RHB Jon Solis
|
0-0: Called Strike 0-1: Called Strike 0-2: Foul Ball, location: 2F 0-2: Ball 1-2: Strikes out swinging
|
|
Batting: RHB Hector Barajas
|
0-0: SOLO HOME RUN (Flyball, 89XD, EV 115.0 MPH), Distance : 418 ft
|
|
Batting: RHB Dan Kurtz
|
0-0: Called Strike 0-1: Ball 1-1: Ball 2-1: Ball 3-1: Base on Balls
|
|
Batting: RHB Rafael Galicia
|
0-0: Ball 1-0: Ball 2-0: Called Strike 2-1: Swinging Strike 2-2: Strikes out looking
|
|
Batting: RHB Matt Derrien
|
0-0: Called Strike 0-1: Called Strike 0-2: Ball 1-2: Ball 2-2: Ball 3-2: Strikes out looking
|
| Bottom of the 9th over - 1 run, 1 hit, 0 errors, 1 left on base; London 10 - Chester 1 |
|